cohdb
Replays
Latest Replays
All Replays
Popular Replays
Top Player Replays
Match Explorer
How It Works
Community
CoH3 Stats
Reddit
Sign in to upload your games and track your stats! →
Sign in with Steam
Match 45239500
Unlisted
Match 45239500
Overview
Messages
Build Orders
End
Royal Engineer Section
Construct Section Command Post
Selects Heavy Armor Battlegroup
Dingo Light Scout Car
Infantry Section
Infantry Section
Selects Light Vehicle Withdraw and Refit
Infantry Section
Construct Field Infirmary
Grenade Package
Selects Rigorous Vehicle Training
Construct Platoon Command Post
Selects Forward Repair Assembly
Humber Armored Car
Selects UNKNOWN (202330)
Infantry Training
Light Vehicle Withdraw and Refit
ML 3-inch Mortar Team
Vickers Machine Gun Team
CMP 15cwt Truck
Construct Company Command Post
Royal Engineer Section
6-pounder Anti-tank Gun Team
pagep
7k this year for sure
爬爬
Resident Alien
0
0
Comments
sign in to comment!
No comments posted yet!